 Dungeon Crawl Stone Soup version 0.23-a0-642-g3120c2f (webtiles) character file.

384 MisterFreud the Slasher (level 6, -7/39 HPs)
             Began as an Octopode Gladiator on Dec 30, 2018.
             Killed by divine providence
             ... invoked by an orc priest
              (15 damage)
             ... on level 4 of the Dungeon.
             The game lasted 00:05:04 (4056 turns).

MisterFreud the Slasher (Octopode Gladiator)        Turns: 4056, Time: 00:05:04

Health: -7/39      AC:  2    Str: 14    XL:     6   Next: 77%
Magic:  6/6        EV: 14    Int: 12    God:
Gold:   131        SH:  0    Dex: 13    Spells: 5/5 levels left

rFire    . . .     SeeInvis .   a - +0 long sword
rCold    + . .     Gourm    .   (no shield)
rNeg     . . .     Faith    .   b - +1 hat
rPois    .         Spirit   .   t - amulet of Butorann {+Blink +Rage rC+}
rElec    .         Reflect  .   (no ring)
rCorr    .         Harm     .   (no ring)
MR       .....                  (no ring)
Stlth    ++........             (no ring)
HPRegen  0.13/turn              (no ring)
MPRegen  0.10/turn              (no ring)
                                (no ring)
                                (no ring)

@: no status effects
A: almost no armour, stealthy swim, amphibious, 8 rings, constrict 8, camouflage
1, gelatinous body 1
a: Evoke Blink, Evoke Berserk Rage


You were on level 4 of the Dungeon.
You were not hungry.

You visited 1 branch of the dungeon, and saw 4 of its levels.

You collected 131 gold pieces.

Inventory:

Hand Weapons
 a - a +0 long sword (weapon)
Missiles
 c - 3 throwing nets (quivered)
 n - 26 sling bullets
 o - 7 tomahawks
 p - 27 bolts
 q - 52 stones
 r - 17 arrows
Armour
 b - a +1 hat (worn)
 m - a +0 shield
Jewellery
 t - the amulet of Butorann (around mantle) {+Blink +Rage rC+}
   (You found it on level 3 of the Dungeon)

   [amulet of rage]

   It protects you from cold.
   It lets you blink.
   It lets you go berserk.
Scrolls
 k - 3 scrolls of enchant armour
 l - 3 scrolls of identify {unknown}
Potions
 e - 4 potions of heal wounds {unknown}
 f - a potion of agility {unknown}
 g - a potion of degeneration {unknown}
 h - 2 potions of curing {unknown}
 i - a potion of resistance {unknown}
 j - a potion of brilliance {unknown}
Comestibles
 d - 9 rations
 s - 3 chunks of flesh


   Skills:
 - Level 2.0 Fighting
 + Level 7.4 Long Blades
 - Level 2.0 Throwing
 - Level 3.0 Dodging


You had 5 spell levels left.
You didn't know any spells.
Your spell library contained the following spells:

 Spells                   Type           Power        Failure   Level  Hunger
 Animate Skeleton         Necr           N/A          32%         1    ##.....
 Apportation              Tloc           #.....       32%         1    ##.....
 Confusing Touch          Hex            #.....       32%         1    ##.....
 Summon Small Mammal      Summ           #...         32%         1    ##.....


Dungeon Overview and Level Annotations

Branches:
Dungeon (4/15)
 Temple: D:4-7

Altars:
Ashenzari
Ru


Innate Abilities, Weirdness & Mutations

You cannot wear most types of armour.
You are very stealthy in the water. (Stealth+)
You are amphibious.
You can wear up to eight rings at the same time.
You can use your tentacles to constrict eight enemies at once.
Your skin changes colour to match your surroundings (Stealth+).
Your rubbery body absorbs attacks. (AC +1, EV +1)


Message History

You hear a shout!
An orc priest comes into view. It is wielding a +0 club.
The orc misses you. The orc wizard misses you.
The orc priest shouts!
You slash the orc! Your grab misses the orc.
The orc is almost dead.
You constrict the orc wizard.
The orc priest calls down the wrath of Beogh upon you.
Beogh smites you! The orc barely misses you.
The orc wizard gestures at you while chanting.
The magic dart hits you!
* * * LOW HITPOINT WARNING * * *
You hear a shout!
You barely miss the orc. Your grab misses the orc.
The orc is almost dead.
You constrict the orc wizard.
You kill the orc wizard!
The orc priest mumbles some strange prayers to Beogh against you.
Beogh smites you!
You die...

### #<#
####)####
##.......##
#.........##
.............##
...........)..#
............@.#
.....#......o..#
.....#..#.....o#
... ##..........
..........##.
..........# .. #
.......##.o . #
...##.. ..o #


You could see an orc priest and 3 orcs.

Vanquished Creatures
  A hound (D:4)
  2 orc priests (D:3)
  A centaur skeleton (D:4)
  2 orc wizards
  2 worker ants
  4 adders
  4 gnolls (D:3)
  An ooze (D:3)
  A worm (D:3)
  2 dart slugs (D:3)
  2 leopard geckos
  11 orcs
  7 bats
  4 giant cockroaches
  4 goblins
  7 hobgoblins
  4 jackals
  8 kobolds
  A quokka (D:4)
  2 ball pythons
  4 frilled lizards
  A quokka skeleton (D:3)
  7 rats
82 creatures vanquished.

Notes
Turn   | Place    | Note
-------+----------+-------------------------------------------
     0 | D:1      | MisterFreud the Octopode Gladiator began the quest for the
                  | Orb.
     0 | D:1      | Reached XP level 1. HP: 14/14 MP: 1/1
   304 | D:1      | Reached XP level 2. HP: 12/19 MP: 2/2
   763 | D:1      | Reached skill level 4 in Long Blades
   838 | D:1      | Reached XP level 3. HP: 24/24 MP: 3/3
   891 | D:2      | Found a shattered altar of Ashenzari.
  1722 | D:3      | HP: 1/24 [orc priest/nerve-wracking pain (10)]
  2010 | D:3      | Reached skill level 5 in Long Blades
  2010 | D:3      | Reached XP level 4. HP: 23/29 MP: 4/4
  2285 | D:2      | Reached XP level 5. HP: 18/34 MP: 5/5
  2700 | D:3      | Reached skill level 6 in Long Blades
  2838 | D:3      | Found a sacrificial altar of Ru.
  3561 | D:3      | Reached XP level 6. HP: 27/39 MP: 6/6
  3801 | D:3      | Got a glittering tin amulet
  3802 | D:3      | Identified the amulet of Butorann {+Blink +Rage rC+} (You
                  | found it on level 3 of the Dungeon)
  4013 | D:4      | Reached skill level 7 in Long Blades
  4056 | D:4      | Killed from afar by an orc priest

Vault maps used:
D:1:      onia_arrival_mini_maze_b
D:2:      ashenzari_conservatory_becter, kennysheep_donut,
          chequers_decorated_corner
D:3:      minmay_octagon_keep, hangedman_ru_absence, first_ration
D:4:      nicolae_gozag_seed_capital, grunt_dithmenos_smoke_and_mirrors,
          minmay_temple_entry_trees

Skill      XL: |  1  2  3  4  5  6 |
---------------+-------------------+-----
Long Blades    | 4 5 6 7 |  7.4
Fighting       | |  2.0
Throwing       | |  2.0
Dodging        | |  3.0

Action                   |  1- 3 |  4- 6 || total
-------------------------+-------+-------++-------
Melee: Long sword        |    59 |    88 ||   147
       Constrict         |    14 |    26 ||    40
       Tentacles         |     6 |    26 ||    32
  Use: Scroll            |     3 |       ||     3
 Stab: Sleeping          |     6 |     3 ||     9
  Eat: Chunk             |     2 |     4 ||     6
       Ration            |       |     1 ||     1
Armor: Skin              |    12 |    11 ||    23
Dodge: Dodged            |    43 |    65 ||   108
       Rpst.: Long sword |     6 |    25 ||    31

Table legend:
 A = Non-vault XP
 B = Vault XP
 C = Vault XP percentage of total XP
 D = Non-vault monster count
 E = Vault monster count
 F = Vault count percentage of total count
                 A         B        C        D         E       F
            +---------+---------+-------+---------+---------+-------
      Total |     496 |      53 |   9.7 |      71 |      11 |  13.4
            +---------+---------+-------+---------+---------+-------
        D:1 |      37 |       0 |   0.0 |      22 |       0 |   0.0
        D:2 |      41 |       0 |   0.0 |       9 |       0 |   0.0
        D:3 |     260 |      53 |  16.9 |      34 |      11 |  24.4
        D:4 |     158 |       0 |   0.0 |       6 |       0 |   0.0
            +---------+---------+-------+---------+---------+-------
